 Dungeon Crawl Stone Soup version 0.26.1-11-gd32895ea62 (webtiles) character file.

Game seed: 8150875809115648895

821 Zeld the Ducker (level 7, -10/56 HPs)
             Began as a Gnoll Gladiator on June 8, 2021.
             Was an Initiate of Yredelemnul.
             Killed by divine providence
             ... invoked by an orc priest
              (13 damage)
             ... on level 5 of the Dungeon.
             The game lasted 00:08:16 (8021 turns).

Zeld the Ducker (Gnoll Gladiator)                   Turns: 8021, Time: 00:08:17

Health: -10/56     AC:  6    Str: 18    XL:     7   Next: 95%
Magic:  11/11      EV: 17    Int: 10    God:    Yredelemnul [......]
Gold:   247        SH:  0    Dex: 17    Spells: 11/11 levels left

rFire    . . .     SeeInvis .   a - +5 falchion (elec)
rCold    . . .     Faith    .   (no shield)
rNeg     . . .     Spirit   .   b - +0 leather armour
rPois    .         Reflect  .   c - +0 helmet
rElec    .         Harm     .   v - +0 cloak
rCorr    .         Rampage  .   (no gloves)
Will     .....                  s - +0 pair of boots
Stlth    ++........             (no amulet)
HPRegen  0.18/turn              (no ring)
MPRegen  0.12/turn              (no ring)

@: no status effects
A: distributed training, fangs 1, strong nose
a: Renounce Religion


You were on level 5 of the Dungeon.
You worshipped Yredelemnul.
Yredelemnul was noncommittal.
You visited 2 branches of the dungeon, and saw 6 of its levels.

You collected 247 gold pieces.

Inventory:

Hand Weapons
 a - a +5 falchion of electrocution (weapon)
Missiles
 d - 3 throwing nets
 h - 13 poisoned darts (quivered)
 k - 2 boomerangs
 t - 5 javelins
Armour
 b - a +0 leather armour (worn)
 c - a +0 helmet (worn)
 s - a +0 pair of boots (worn)
 v - a +0 cloak (worn)
Wands
 u - a wand of polymorph (11)
Scrolls
 e - 2 scrolls of teleportation
 f - 2 scrolls of amnesia {unknown}
 g - a scroll of immolation {unknown}
 j - 4 scrolls of remove curse {unknown}
 l - a scroll of blinking {unknown}
 n - a scroll of noise {unknown}
 o - a scroll of random uselessness {unknown}
 r - a scroll of enchant weapon {unknown}
Potions
 m - 3 potions of might
 p - a potion of cancellation
 q - a potion of ambrosia {unknown}
 x - a potion of flight {unknown}


   Skills:
 + Level 5.4 Fighting
 + Level 7.2 Short Blades
 + Level 2.8 Long Blades
 + Level 2.8 Axes
 + Level 2.8 Maces & Flails
 + Level 2.8 Polearms
 + Level 2.8 Staves
 + Level 2.8 Slings
 + Level 2.8 Bows
 + Level 2.8 Crossbows
 + Level 5.4 Throwing
 + Level 2.8 Armour
 + Level 7.2 Dodging
 + Level 2.8 Stealth
 + Level 2.8 Shields
 + Level 2.8 Unarmed Combat
 + Level 2.8 Spellcasting
 + Level 2.3 Conjurations
 + Level 2.3 Hexes
 + Level 2.3 Summonings
 + Level 2.3 Necromancy
 + Level 2.3 Translocations
 + Level 2.3 Transmutations
 + Level 2.3 Fire Magic
 + Level 2.3 Ice Magic
 + Level 2.3 Air Magic
 + Level 2.3 Earth Magic
 + Level 2.3 Poison Magic
 + Level 3.1 Invocations
 + Level 2.8 Evocations


You had 11 spell levels left.
You didn't know any spells.
Your spell library contained the following spells:

 Spells                   Type           Power        Failure   Level
 Animate Skeleton         Necr           12%          13%         1
 Apportation              Tloc           12%          13%         1
 Corona                   Hex            6%           13%         1
 Magic Dart               Conj           24%          13%         1
 Summon Small Mammal      Summ           24%          13%         1
 Searing Ray              Conj           12%          21%         2
 Dazzling Flash           Conj/Hex       12%          36%         3
 Fulminant Prism          Conj/Hex       3%           78%         4
 Iskenderun's Mystic Bla  Conj/Tloc      6%           78%         4


Dungeon Overview and Level Annotations

Branches:
Dungeon (5/15)             Temple (1/1) D:4

Altars:
Ashenzari
Cheibriados
Elyvilon
Fedhas
Gozag
Hepliaklqana
Kikubaaqudgha
Makhleb
Nemelex Xobeh
Qazlal
Ru
Sif Muna
Trog
Vehumet
Wu Jian
Xom
Yredelemnul
Zin
The Shining One


Innate Abilities, Weirdness & Mutations

Your experience applies equally to all skills.
You have very sharp teeth.
Your uncanny sense of smell can sniff out nearby items.


Message History

The orc grunts loudly, as Orcs often do.
Something hits you but does no damage. The orc priest misses you.
You riposte.
You closely miss the orc priest.
The orc priest is almost dead.
The orc priest calls down the wrath of Beogh upon you.
Pain shoots through your body!
The orc priest looks braver for a moment.
The orc priest calls upon Beogh to heal something.
The orc priest calls down the wrath of Beogh upon you.
Beogh smites you!
The orc priest casts a cantrip, but nothing happens.
The orc priest calls upon Beogh to heal the orc priest.
The orc priest is healed somewhat.
The orc priest invokes the aid of Beogh against you.
Beogh smites you!
* * * LOW HITPOINT WARNING * * *
The orc priest invokes the aid of Beogh against you.
Beogh smites you!
You die...
Your body rises from the dead as a mindless zombie.

##....###..##...
##......###.##...
##........##..##..
##..........##†###.
##...........##..###
#.............##.###
##............##..o.
#........o...##.###
##@......o......#
#.............##
##.....(.....##
##..........#
#..........##
#..._.......##
#............###
##.......##.....
###...######...


You could see 2 orc priests.

Vanquished Creatures
  Sigmund (D:3)
  2 scorpions (D:4)
  A centaur skeleton (D:5)
  3 orc priests
  4 orc wizards
  Crazy Yiuf (D:3)
  4 worker ants
  Robin (D:2)
  7 adders
  2 shadow imps (D:5)
  An ooze (D:4)
  A worm (D:2)
  3 dart slugs
  4 leopard geckos
  8 orcs
  4 ball pythons
  6 bats
  2 giant cockroaches (D:3)
  11 hobgoblins
  4 jackals
  6 kobolds
  2 quokkas
  6 frilled lizards
  18 goblins
  10 rats
112 creatures vanquished.

Vanquished Creatures (others)
  A hobgoblin (D:2)
1 creature vanquished.

Grand Total: 113 creatures vanquished

Notes
Turn   | Place    | Note
-------+----------+-------------------------------------------
     0 | D:1      | Zeld the Gnoll Gladiator began the quest for the Orb.
     0 | D:1      | Reached XP level 1. HP: 20/20 MP: 1/1
   244 | D:1      | Reached XP level 2. HP: 24/26 MP: 2/2
   960 | D:1      | Reached XP level 3. HP: 28/31 MP: 3/3
  1114 | D:2      | Reached skill level 1 in Invocations
  1444 | D:2      | Reached skill level 1 in Long Blades
  1444 | D:2      | Reached skill level 1 in Axes
  1444 | D:2      | Reached skill level 1 in Maces & Flails
  1444 | D:2      | Reached skill level 1 in Polearms
  1444 | D:2      | Reached skill level 1 in Staves
  1444 | D:2      | Reached skill level 1 in Slings
  1444 | D:2      | Reached skill level 1 in Bows
  1444 | D:2      | Reached skill level 1 in Crossbows
  1444 | D:2      | Reached skill level 1 in Armour
  1444 | D:2      | Reached skill level 1 in Stealth
  1444 | D:2      | Reached skill level 1 in Shields
  1444 | D:2      | Reached skill level 1 in Unarmed Combat
  1444 | D:2      | Reached skill level 1 in Spellcasting
  1444 | D:2      | Reached skill level 1 in Evocations
  1462 | D:2      | Reached XP level 4. HP: 18/34 MP: 5/5
  2570 | D:2      | Reached skill level 1 in Conjurations
  2570 | D:2      | Reached skill level 1 in Hexes
  2570 | D:2      | Reached skill level 1 in Summonings
  2570 | D:2      | Reached skill level 1 in Necromancy
  2570 | D:2      | Reached skill level 1 in Translocations
  2570 | D:2      | Reached skill level 1 in Transmutations
  2570 | D:2      | Reached skill level 1 in Fire Magic
  2570 | D:2      | Reached skill level 1 in Ice Magic
  2570 | D:2      | Reached skill level 1 in Air Magic
  2570 | D:2      | Reached skill level 1 in Earth Magic
  2570 | D:2      | Reached skill level 1 in Poison Magic
  2903 | D:2      | Found a hazy altar of Hepliaklqana.
  2931 | D:3      | Noticed Robin
  2943 | D:2      | Killed Robin
  2944 | D:2      | Reached XP level 5. HP: 20/43 MP: 6/6
  3552 | D:3      | Found a glowing golden altar of the Shining One.
  3690 | D:3      | Found a runed translucent door.
  3691 | D:3      | Noticed Crazy Yiuf
  4538 | D:3      | Reached XP level 6. HP: 50/50 MP: 8/8
  4564 | D:3      | Noticed Sigmund
  4747 | D:3      | Killed Sigmund
  4748 | D:3      | Reached skill level 5 in Fighting
  4748 | D:3      | Reached skill level 5 in Throwing
  5095 | D:3      | Killed Crazy Yiuf
  5141 | D:3      | Reached XP level 7. HP: 56/56 MP: 10/10
  5623 | D:4      | Found a shimmering blue altar of Sif Muna.
  6561 | D:4      | Found a staircase to the Ecumenical Temple.
  6716 | Temple   | Entered the Ecumenical Temple
  6883 | Temple   | Became a worshipper of Yredelemnul the Dark
  7143 | D:5      | Entered Level 5 of the Dungeon
  7816 | D:5      | Found a stormy altar of Qazlal.
  8021 | D:5      | Killed from afar by an orc priest

Illustrated notes

Levels and vault maps discovered:
D:1:      nicolae_arrival_washed_ashore, layout_basic
D:2:      layout_loops_ring, nzn_hepliaklqana_mist_gate, minmay_mini_jars
D:3:      layout_loops_ring, tso_metal_star, minmay_strange_pillars,
          uniq_crazy_yiuf_cottage, uniq_robin, uniq_sigmund
D:4:      layout_loops_ring, lemuel_temple_firewalk_b, serial_glass,
          glass_columns_c, glass_columns_a, glass_columns_a, glass_columns_c,
          led_sif_book
D:5:      layout_cave_pods, basic_altar, grunt_dithmenos_smoke_and_mirrors
Temple:   regret_index_temple_sphere_string

Skill      XL: |  1  2  3  4  5  6  7 |
---------------+----------------------+-----
Invocations    | 1 2 3 |  3.1
Long Blades    | 1 2 |  2.8
Axes           | 1 2 |  2.8
Maces & Flails | 1 2 |  2.8
Polearms       | 1 2 |  2.8
Staves         | 1 2 |  2.8
Slings         | 1 2 |  2.8
Bows           | 1 2 |  2.8
Crossbows      | 1 2 |  2.8
Armour         | 1 2 |  2.8
Stealth        | 1 2 |  2.8
Shields        | 1 2 |  2.8
Unarmed Combat | 1 2 |  2.8
Spellcasting   | 1 2 |  2.8
Evocations     | 1 2 |  2.8
Conjurations   | 1 2 |  2.3
Hexes          | 1 2 |  2.3
Summonings     | 1 2 |  2.3
Necromancy     | 1 2 |  2.3
Translocations | 1 2 |  2.3
Transmutations | 1 2 |  2.3
Fire Magic     | 1 2 |  2.3
Ice Magic      | 1 2 |  2.3
Air Magic      | 1 2 |  2.3
Earth Magic    | 1 2 |  2.3
Poison Magic   | 1 2 |  2.3
Fighting       | 5 |  5.4
Throwing       | 5 |  5.4
Short Blades   | 7 |  7.2
Dodging        | 7 |  7.2

Action                   |  1- 3 |  4- 6 |  7- 9 || total
-------------------------+-------+-------+-------++-------
Melee: Rapier            |    79 |    68 |       ||   147
       Bite              |     4 |    15 |     6 ||    25
       Punch             |       |     1 |     1 ||     2
       Falchion          |       |    62 |    48 ||   110
Throw: Dart              |       |     3 |       ||     3
Evoke: Wand              |       |     1 |       ||     1
  Use: Scroll            |       |       |     7 ||     7
       Potion            |       |       |     4 ||     4
 Stab: Distracted        |     1 |       |       ||     1
       Sleeping          |       |     4 |     1 ||     5
Armor: Leather armour    |    16 |    28 |    15 ||    59
Dodge: Dodged            |    71 |   119 |    32 ||   222
       Rpst.: Falchion   |       |    27 |     9 ||    36
